 Dungeon Crawl Stone Soup version 0.30-a0-223-gcb0039aa0c (webtiles) character file.

Game seed: 14768260672588917641

8046 qw the Cleaver (level 11, -10/71 HPs)
             Began as a Gargoyle Fighter on Oct 9, 2022.
             Was a Priest of Okawaru.
             Mangled by a two-headed ogre
             ... wielding a +0 giant spiked club
              (16 damage)
             ... on level 9 of the Dungeon.
             The game lasted 00:02:56 (7308 turns).

qw the Cleaver (Gargoyle Fighter)                   Turns: 7308, Time: 00:02:57

Health: -10/71     AC: 23    Str: 25    XL:     11   Next: 24%
Magic:  14/14      EV:  8    Int:  8    God:    Okawaru [***...]
Gold:   464        SH:  4    Dex:  9    Spells: 10/10 levels left

rFire   . . .      SeeInvis .    Y - +2 war axe
rCold   . . .      Faith    .    c - +0 buckler
rNeg    + . .      Spirit   .    e - +0 chain mail
rPois   inf        Reflect  .    (no helmet)
rElec   +          Harm     .    (no cloak)
rCorr   .          Rampage  .    b - +1 pair of gloves
Will    .....                    s - +2 pair of boots
Stlth   ..........               (no amulet)
HPRegen 0.31/turn                (no ring)
MPRegen 0.14/turn                (no ring)

@: about to teleport
A: sickness immunity, AC +8, negative energy resistance 1, electricity
resistance, torment resistance 1, petrification resistance
a: Renounce Religion, Heroism


You were on level 9 of the Dungeon.
You worshipped Okawaru.
Okawaru was most pleased with you.
You visited 2 branches of the dungeon, and saw 10 of its levels.

You collected 504 gold pieces.
You spent 40 gold pieces at shops.


Innate Abilities, Weirdness & Mutations

You are immune to sickness and miasma.
Your stone body is resilient. (AC +8)
You are immune to poison.
You resist negative energy. (rN+)
You are resistant to electric shocks. (rElec)
You are resistant to unholy torment.
You are immune to petrification.


   Skills:
 - Level 9.1 Fighting
 + Level 11.4 Axes
 - Level 3.1 Throwing
 - Level 6.2 Armour
 - Level 3.1 Dodging
 - Level 5.0 Shields
 - Level 4.6 Invocations


You had 10 spell levels left.
You didn't know any spells.
Your spell library was empty.

Inventory:

Hand Weapons
 h - a +0 morningstar
 Y - a +2 war axe (weapon)
Missiles
 g - 10 boomerangs (quivered)
Armour
 b - a +1 pair of gloves (worn)
 c - a +0 buckler (worn)
 e - a +0 chain mail (worn)
 o - a +0 plate armour
 s - a +2 pair of boots (worn)
Jewellery
 i - a ring of fire
Scrolls
 j - 9 scrolls of identify
 r - a scroll of teleportation
Potions
 a - 3 potions of mutation
 d - 2 potions of might
 f - a potion of haste
 k - 2 potions of heal wounds
 l - a potion of resistance
 m - 3 potions of cancellation
 n - a potion of curing

Dungeon Overview and Level Annotations

Branches:
Dungeon (9/15)             Temple (1/1) D:7             Orc (0/2) D:9
   Lair: D:8-11

Altars:
Ashenzari
Cheibriados
Dithmenos
Elyvilon
Gozag
Hepliaklqana
Kikubaaqudgha
Makhleb
Nemelex Xobeh
Okawaru
Qazlal
Ru
Sif Muna
Trog
Uskayaw
Vehumet
Wu Jian
Xom
Yredelemnul
Zin

Shops:
D:2 (*(

Annotations:
D:8 3 runed translucent doors, qw's ghost, novice GrFi


Message History

You hit the manticore.
The manticore is severely wounded.
The manticore barely misses you.
The manticore claws you but does no damage.
You block the manticore's attack.
You slash the manticore!
The manticore is almost dead.
You hit the two-headed ogre but do no damage.
The manticore closely misses you.
The manticore claws you but does no damage.
The manticore claws you. You block the two-headed ogre's attack.
The two-headed ogre barely misses you.
You slash the manticore!
You kill the manticore!
Okawaru accepts your kill.
You slash the two-headed ogre!
Your base Fighting skill increases to level 9!
You barely miss the two-headed ogre.
The two-headed ogre is lightly wounded.
The two-headed ogre hits you with a +0 giant spiked club!
The two-headed ogre barely misses you.
You slash the two-headed ogre!
The two-headed ogre is heavily wounded.
You barely miss the two-headed ogre.
The two-headed ogre is heavily wounded.
A brown ugly thing comes into view.
The two-headed ogre hits you but does no damage.
The two-headed ogre barely misses you.
7305 ||| Stepping ~*~*~tactically~*~*~ (stealth).
You slash the two-headed ogre!
The two-headed ogre is severely wounded.
You feel like a meek peon again.
The two-headed ogre hits you with a +0 giant spiked club!!
The two-headed ogre hits you but does no damage.
7308 ||| READING 2 scrolls of teleportation.
As you read the scroll of teleportation, it crumbles to dust.
You feel strangely unstable.
The two-headed ogre hits you with a +0 giant spiked club.
The two-headed ogre hits you with a +0 giant club!
You die...

...###.......###.............
##......###......###.........
#........#........#.....#### #
#..#..#..#..#..#..#..#...# #..
####..#######..#######...#....
#..# #..#..#..#..#.....# .../
#........#........# ......
#....O)###........#
..###..u....###@.....###...#
... ....... #........# .....
.#. .#. #!.#..#..# .#..#
####..#### .## #..# # ....
...... .###... ....


You could see a two-headed ogre.

Vanquished Creatures
  3 two-headed ogres
  A manticore (D:9)
  A komodo dragon (D:8)
  A komodo dragon (shapeshifter) (D:8)
  Sigmund (D:4)
  A wyvern (D:8)
  9 yaks
  A wraith (D:9)
  5 water moccasins
  An acid dragon (D:7)
  2 orc warriors
  2 sky beasts (D:7)
  A black bear (D:7)
  3 ogres
  2 centaurs (D:9)
  A phantom (D:5)
  A gnoll sergeant (D:5)
  4 scorpions
  4 bullfrogs
  13 wights
  A killer bee (D:9)
  2 jellies
  4 hounds
  2 gnoll boudas (D:7)
  2 orc priests (D:6)
  4 iguanas
  8 orc wizards
  9 gnolls
  4 adders
  A shadow imp (D:8)
  2 white imps
  An ufetubus (D:6)
  3 worms
  5 dart slugs
  18 orcs
  6 bats
  11 endoplasms
  3 giant cockroaches
  6 goblins
  6 hobgoblins
  6 kobolds
  4 quokkas
  5 ball pythons
  4 frilled lizards
  4 rats
178 creatures vanquished.

Vanquished Creatures (others)
  8 plants
8 creatures vanquished.

Grand Total: 186 creatures vanquished

Notes
Turn   | Place    | Note
-------+----------+-------------------------------------------
     0 | D:1      | qw the Gargoyle Fighter began the quest for the Orb.
     0 | D:1      | Reached XP level 1. HP: 14/14 MP: 1/1
     0 | D:1      | 0 ||| qw: Version: 0.2-a-17-g06abaee
     0 | D:1      | 0 ||| qw: Game counter: 2142
     0 | D:1      | 0 ||| qw: Always use a shield: true
     0 | D:1      | 0 ||| qw: God list: Okawaru
     0 | D:1      | 0 ||| qw: Allow faded altars: false
     0 | D:1      | 0 ||| qw: Do Orc after D:15 true
     0 | D:1      | 0 ||| qw: Do second Lair branch before Depths: true
     0 | D:1      | 0 ||| qw: Lair rune preference: random
     0 | D:1      | 0 ||| qw: Plans: Normal, Zot:1-4, God:TSO, Crypt, Tomb,
                  | Pan, Slime:5, Hells, Abyss, Orb
     0 | D:1      | 0 ||| PLANNING D:1-11
     5 | D:1      | 5 ||| Stepping ~*~*~tactically~*~*~ (hiding).
    14 | D:1      | Reached skill level 2 in Axes
   180 | D:1      | Reached XP level 2. HP: 19/19 MP: 2/2
   657 | D:1      | You fall into a shaft and drop 1 floor!
   662 | D:2      | Found Isumpira's Weapon Shop.
   669 | D:2      | 669 ||| DROPPING +0 club.
   672 | D:2      | 672 ||| SHOPLISTING +0 flail of protection (74 gold, have
                  | 46).
   672 | D:2      | 672 ||| SHOPLISTING +1 flail of holy wrath (159 gold, have
                  | 46).
   673 | D:2      | 673 ||| Stepping ~*~*~tactically~*~*~ (hiding).
   681 | D:2      | Reached skill level 3 in Axes
   682 | D:2      | Reached XP level 3. HP: 23/23 MP: 3/3
   687 | D:2      | 687 ||| FLEEEEING.
   687 | D:2      | Found a faded altar of an unknown god.
   698 | D:2      | 698 ||| READING scroll labelled IHYMEE GENWU.
   699 | D:2      | 699 ||| READING scroll labelled KAIMICV QOME.
   700 | D:2      | 700 ||| READING 2 scrolls labelled SALOZI IR ORA.
   701 | D:2      | 701 ||| READING scroll labelled WAWIGU CEGEO.
   702 | D:2      | 702 ||| READING scroll labelled NIS QAESU ZAV.
   703 | D:2      | 703 ||| READING scroll labelled HUTZIZI ANIPP.
  1116 | D:2      | Found Maedu's Assorted Antiques.
  1125 | D:2      | 1125 ||| BUYING fuming brown potion (20 gold).
  1125 | D:2      | Bought a fuming brown potion for 20 gold pieces
  1125 | D:2      | 1125 ||| BUYING metallic white potion (20 gold).
  1125 | D:2      | Bought a metallic white potion for 20 gold pieces
  1125 | D:2      | 1125 ||| SHOPLISTING runed chain mail (172 gold, have 13).
  1125 | D:2      | 1125 ||| SHOPLISTING scroll of enchant armour (172 gold,
                  | have 13).
  1125 | D:2      | 1125 ||| SHOPLISTING scroll of enchant weapon (172 gold,
                  | have 13).
  1125 | D:2      | 1125 ||| SHOPLISTING scroll of identify (46 gold, have 13).
  1125 | D:2      | 1125 ||| SHOPLISTING silvery potion (20 gold, have 13).
  1238 | D:2      | Found Rinisiapn's Antique Weapon Shoppe.
  1246 | D:2      | 1246 ||| SHOPLISTING bone morningstar (198 gold, have 13).
  1246 | D:2      | 1246 ||| SHOPLISTING flail (77 gold, have 13).
  1442 | D:2      | 1442 ||| DROPPING amulet of faith.
  1443 | D:2      | 1443 ||| READING scroll labelled PIROESCH SENAG.
  1444 | D:2      | 1444 ||| READING scroll labelled AMEYZX ZUKAWN.
  1445 | D:2      | 1445 ||| READING scroll labelled IZUEKO WUMUHI.
  1450 | D:2      | 1450 ||| DRINKING 2 fuming brown potions.
  1451 | D:2      | 1451 ||| READING 2 scrolls of identify.
  1451 | D:2      | 1451 ||| IDENTIFYING coppery potion
  1493 | D:3      | Reached XP level 4. HP: 28/28 MP: 4/4
  1550 | D:3      | Reached skill level 4 in Axes
  1565 | D:3      | 1565 ||| READING scroll of enchant weapon.
  1565 | D:3      | 1565 ||| ENCHANTING +1 war axe.
  1768 | D:3      | 1768 ||| FLEEEEING.
  1769 | D:3      | 1769 ||| FLEEEEING.
  1830 | D:3      | 1830 ||| DROPPING +0 mace.
  1929 | D:3      | Found a radiant altar of Vehumet.
  2035 | D:3      | 2035 ||| READING scroll labelled KUCLYRR VIGI.
  2036 | D:3      | 2036 ||| READING scroll labelled MEFAVI HIDEK.
  2037 | D:3      | 2037 ||| DRINKING 2 brown potions.
  2038 | D:3      | 2038 ||| READING 3 scrolls of identify.
  2038 | D:3      | 2038 ||| IDENTIFYING lumpy red potion
  2039 | D:3      | 2039 ||| READING 2 scrolls of identify.
  2039 | D:3      | 2039 ||| IDENTIFYING silvery potion
  2040 | D:3      | 2040 ||| DROPPING potion of flight.
  2063 | D:4      | Noticed an ogre
  2069 | D:4      | Killed an ogre
  2070 | D:4      | Reached skill level 5 in Axes
  2070 | D:4      | Reached XP level 5. HP: 21/32 MP: 5/5
  2070 | D:4      | 2070 ||| STAIRDANCE
  2173 | D:4      | Noticed Sigmund
  2181 | D:4      | Killed Sigmund
  2182 | D:4      | Reached XP level 6. HP: 24/40 MP: 6/6
  2253 | D:4      | 2253 ||| DROPPING +1 mace of holy wrath.
  2290 | D:4      | 2290 ||| Stepping ~*~*~tactically~*~*~ (stealth).
  2408 | D:4      | Reached skill level 1 in Throwing
  2730 | D:4      | 2730 ||| UPGRADING to +0 pair of boots.
  2735 | D:4      | 2735 ||| READING 3 scrolls of enchant armour.
  2735 | D:4      | 2735 ||| ENCHANTING +0 pair of boots.
  2736 | D:4      | 2736 ||| READING 2 scrolls of enchant armour.
  2736 | D:4      | 2736 ||| ENCHANTING +1 pair of boots.
  2737 | D:4      | 2737 ||| READING scroll labelled GER DUAPLEOZUE.
  2738 | D:4      | 2738 ||| READING scroll labelled PENEAKL MIAHE.
  2739 | D:4      | 2739 ||| READING 2 scrolls labelled HOMNUA VOROB.
  2740 | D:4      | 2740 ||| READING 5 scrolls of identify.
  2740 | D:4      | 2740 ||| IDENTIFYING bubbling silvery potion
  2741 | D:4      | 2741 ||| READING 4 scrolls of identify.
  2741 | D:4      | 2741 ||| IDENTIFYING metallic white potion
  2742 | D:4      | 2742 ||| DROPPING scroll of blinking.
  2809 | D:5      | Entered Level 5 of the Dungeon
  2847 | D:5      | Found a hide-covered altar of Uskayaw.
  2847 | D:5      | Found a snail-covered altar of Cheibriados.
  2847 | D:5      | Found a shimmering altar of Xom.
  2847 | D:5      | Found a burning altar of Makhleb.
  2847 | D:5      | Found a glowing silver altar of Zin.
  2847 | D:5      | Found a shadowy altar of Dithmenos.
  2877 | D:5      | 2877 ||| Stepping ~*~*~tactically~*~*~ (stealth).
  2879 | D:5      | 2879 ||| Stepping ~*~*~tactically~*~*~ (stealth).
  2950 | D:5      | 2950 ||| Stepping ~*~*~tactically~*~*~ (hiding).
  2955 | D:5      | 2955 ||| DRINKING potion of curing.
  2955 | D:5      | 2955 ||| (to cure confusion)
  2962 | D:5      | Reached skill level 1 in Dodging
  2963 | D:5      | Reached XP level 7. HP: 41/44 MP: 7/7
  3085 | D:5      | Reached skill level 6 in Axes
  3371 | D:5      | Reached skill level 7 in Axes
  3507 | D:5      | 3507 ||| Stepping ~*~*~tactically~*~*~ (stealth).
  3510 | D:5      | Reached XP level 8. HP: 49/49 MP: 8/8
  3837 | D:6      | 3837 ||| Stepping ~*~*~tactically~*~*~ (hiding).
  3905 | D:6      | 3905 ||| FLEEEEING.
  3914 | D:6      | 3914 ||| Stepping ~*~*~tactically~*~*~ (stealth).
  3915 | D:6      | 3915 ||| Stepping ~*~*~tactically~*~*~ (stealth).
  3916 | D:6      | 3916 ||| Stepping ~*~*~tactically~*~*~ (stealth).
  3925 | D:6      | 3925 ||| Stepping ~*~*~tactically~*~*~ (stealth).
  3932 | D:6      | 3932 ||| Stepping ~*~*~tactically~*~*~ (hiding).
  3951 | D:6      | 3951 ||| DROPPING +0 flail.
  4079 | D:6      | Noticed a yak
  4079 | D:6      | Noticed a yak
  4079 | D:6      | Noticed a yak
  4080 | D:6      | Noticed a yak
  4081 | D:6      | 4081 ||| Stepping ~*~*~tactically~*~*~ (stealth).
  4082 | D:6      | Noticed a yak
  4083 | D:6      | 4083 ||| Stepping ~*~*~tactically~*~*~ (stealth).
  4086 | D:6      | 4086 ||| Stepping ~*~*~tactically~*~*~ (stealth).
  4097 | D:6      | Killed a yak
  4098 | D:6      | Reached skill level 8 in Axes
  4099 | D:6      | Killed a yak
  4100 | D:6      | Reached skill level 6 in Fighting
  4105 | D:6      | HP: 12/51 [yak (4)]
  4106 | D:6      | 4106 ||| READING 3 scrolls of teleportation.
  4107 | D:6      | 4107 ||| DRINKING 3 potions of heal wounds.
  4203 | D:6      | Found a burning altar of Makhleb.
  4237 | D:6      | Killed a yak
  4238 | D:6      | Reached XP level 9. HP: 27/55 MP: 9/9
  4239 | D:6      | Reached skill level 9 in Axes
  4584 | D:6      | 4584 ||| UPGRADING to +0 chain mail.
  4594 | D:6      | 4594 ||| DROPPING +0 scale mail.
  4699 | D:7      | Found a staircase to the Ecumenical Temple.
  4700 | D:7      | 4700 ||| PLANNING TEMPLE
  4700 | D:7      | 4700 ||| UPGRADING to +0 pair of gloves.
  4705 | D:7      | 4705 ||| READING scroll of enchant armour.
  4705 | D:7      | 4705 ||| ENCHANTING +0 pair of gloves.
  4715 | Temple   | Entered the Ecumenical Temple
  4738 | Temple   | 4738 ||| PLANNING OKAWARU WORSHIP
  4821 | Temple   | Became a worshipper of Warmaster Okawaru
  4822 | Temple   | 4822 ||| PLANNING D:1-11
  4890 | D:7      | 4890 ||| Stepping ~*~*~tactically~*~*~ (stealth).
  4895 | D:7      | 4895 ||| Stepping ~*~*~tactically~*~*~ (stealth).
  4896 | D:7      | 4896 ||| Stepping ~*~*~tactically~*~*~ (stealth).
  5004 | D:7      | 5004 ||| Stepping ~*~*~tactically~*~*~ (stealth).
  5006 | D:7      | 5006 ||| Stepping ~*~*~tactically~*~*~ (stealth).
  5017 | D:7      | 5017 ||| Stepping ~*~*~tactically~*~*~ (stealth).
  5286 | D:7      | Reached * piety under Okawaru
  5304 | D:7      | 5304 ||| Stepping ~*~*~tactically~*~*~ (hiding).
  5310 | D:7      | 5310 ||| INVOKING Heroism.
  5311 | D:7      | 5311 ||| INVOKING Heroism.
  5314 | D:7      | 5314 ||| Stepping ~*~*~tactically~*~*~ (hiding).
  5325 | D:7      | 5325 ||| Stepping ~*~*~tactically~*~*~ (stealth).
  5351 | D:7      | 5351 ||| Stepping ~*~*~tactically~*~*~ (stealth).
  5362 | D:7      | Reached skill level 1 in Invocations
  5369 | D:7      | 5369 ||| INVOKING Heroism.
  5382 | D:7      | Reached skill level 10 in Axes
  5445 | D:7      | 5445 ||| Stepping ~*~*~tactically~*~*~ (hiding).
  5461 | D:7      | 5461 ||| INVOKING Heroism.
  5470 | D:7      | 5470 ||| Stepping ~*~*~tactically~*~*~ (stealth).
  5481 | D:7      | 5481 ||| INVOKING Heroism.
  5623 | D:7      | Reached XP level 10. HP: 52/63 MP: 10/12
  5682 | D:7      | Reached skill level 3 in Invocations
  5730 | D:7      | Found a hide-covered altar of Uskayaw.
  5731 | D:7      | Found an opulent altar of Gozag.
  5772 | D:7      | 5772 ||| READING 8 scrolls of identify.
  5772 | D:7      | 5772 ||| IDENTIFYING fizzy black potion
  5773 | D:7      | 5773 ||| DROPPING potion of berserk rage.
  5907 | D:8      | Noticed a two-headed ogre
  5908 | D:8      | 5908 ||| INVOKING Heroism.
  5918 | D:8      | Killed a two-headed ogre
  5921 | D:8      | Reached ** piety under Okawaru
  6053 | D:8      | Noticed qw's ghost (novice GrFi)
  6053 | D:8      | Noticed an 11-headed hydra
  6054 | D:8      | Found a runed translucent gate.
  6054 | D:8      | Found a runed translucent gate.
  6054 | D:8      | Found a runed translucent gate.
  6107 | D:8      | 6107 ||| Stepping ~*~*~tactically~*~*~ (stealth).
  6111 | D:8      | 6111 ||| INVOKING Heroism.
  6119 | D:8      | Reached skill level 3 in Throwing
  6167 | D:8      | 6167 ||| FLEEEEING.
  6168 | D:8      | 6168 ||| FLEEEEING.
  6169 | D:8      | 6169 ||| FLEEEEING.
  6170 | D:8      | 6170 ||| FLEEEEING.
  6171 | D:8      | 6171 ||| FLEEEEING.
  6172 | D:8      | 6172 ||| FLEEEEING.
  6173 | D:8      | 6173 ||| FLEEEEING.
  6174 | D:8      | 6174 ||| FLEEEEING.
  6175 | D:8      | 6175 ||| FLEEEEING.
  6177 | D:8      | 6177 ||| FLEEEEING.
  6178 | D:8      | 6178 ||| FLEEEEING.
  6179 | D:8      | 6179 ||| FLEEEEING.
  6180 | D:8      | 6180 ||| FLEEEEING.
  6181 | D:8      | 6181 ||| FLEEEEING.
  6182 | D:8      | 6182 ||| FLEEEEING.
  6183 | D:8      | 6183 ||| FLEEEEING.
  6186 | D:8      | 6186 ||| FLEEEEING.
  6187 | D:8      | 6187 ||| FLEEEEING.
  6188 | D:8      | 6188 ||| FLEEEEING.
  6189 | D:8      | 6189 ||| FLEEEEING.
  6191 | D:8      | 6191 ||| FLEEEEING.
  6192 | D:8      | 6192 ||| FLEEEEING.
  6194 | D:8      | 6194 ||| FLEEEEING.
  6195 | D:8      | 6195 ||| FLEEEEING.
  6207 | D:8      | 6207 ||| INVOKING Heroism.
  6212 | D:8      | Reached skill level 6 in Armour
  6300 | D:8      | 6300 ||| Stepping ~*~*~tactically~*~*~ (stealth).
  6459 | D:8      | 6459 ||| Stepping ~*~*~tactically~*~*~ (stealth).
  6483 | D:8      | Found a snail-covered altar of Cheibriados.
  6623 | D:8      | 6623 ||| Stepping ~*~*~tactically~*~*~ (stealth).
  6650 | D:8      | Reached *** piety under Okawaru
  6856 | D:9      | 6856 ||| INVOKING Heroism.
  6859 | D:9      | Found a staircase to the Orcish Mines.
  6937 | D:9      | Noticed a two-headed ogre
  6939 | D:9      | 6939 ||| INVOKING Heroism.
  6946 | D:9      | Killed a two-headed ogre
  6946 | D:9      | Received a gift from Okawaru
  6947 | D:9      | Reached skill level 11 in Axes
  6947 | D:9      | Reached XP level 11. HP: 56/69 MP: 11/14
  6988 | D:9      | 6988 ||| Stepping ~*~*~tactically~*~*~ (stealth).
  7119 | D:9      | Noticed a two-headed ogre
  7120 | D:9      | 7120 ||| INVOKING Heroism.
  7129 | D:9      | Killed a two-headed ogre
  7130 | D:9      | Reached skill level 3 in Dodging
  7280 | D:9      | Noticed a manticore
  7282 | D:9      | 7282 ||| Stepping ~*~*~tactically~*~*~ (hiding).
  7283 | D:9      | 7283 ||| INVOKING Heroism.
  7293 | D:9      | Noticed a two-headed ogre
  7301 | D:9      | Killed a manticore
  7302 | D:9      | Reached skill level 9 in Fighting
  7304 | D:9      | Noticed a brown ugly thing
  7305 | D:9      | 7305 ||| Stepping ~*~*~tactically~*~*~ (stealth).
  7307 | D:9      | HP: 8/71 [two-headed ogre/+0 giant spiked club (21)]
  7308 | D:9      | 7308 ||| READING 2 scrolls of teleportation.
  7308 | D:9      | Mangled by a two-headed ogre

Levels and vault maps discovered:
D:1:      lightli_iron_boxes, layout_loops_ring, hangedman_decor_lopped,
          minmay_door_square, minmay_misc_feat_ornament
D:2:      minmay_door_path, layout_rooms, basic_ecumenical_altar, serial_shops,
          shop, shop, nicolae_shop_stone, serial_bayou_pond_b, chequers_avenue
D:3:      layout_rooms, mainiacjoe_overflow_surrounded_room, nrook_mini_vaults,
          st_stairs_5
D:4:      layout_basic, nicolae_zen_rock_garden, minmay_misc_feat_diagonals,
          minmay_crossroads, uniq_sigmund
D:5:      layout_basic, doesnt_xom_only_xom
D:6:      layout_basic, lemuel_crystal_altar
D:7:      kb_forest_paths, layout_basic, mainiacjoe_overflow_divided_tiny
D:8:      layout_loops_cross, kennysheep_slug_shrine, gammafunk_ghost_hydra_chop
D:9:      hangedman_cross_cluster, layout_rooms, fedhas_ov_isle_minmay,
          orc_0_dummy, enter_bailey_5, gammafunk_ghost_nasty_kobolds,
          chequers_serial_rivers_small_b, hangedman_decor_riveting, uniq_psyche
Temple:   jpeg_temple_clearing

Skill      XL: |  1  2  3  4  5  6  7  8  9 10 11 |
---------------+----------------------------------+-----
Axes           | 2 3 5 7 8 10 11 | 11.4
Fighting       | 5 6 7 8 9 |  9.1
Throwing       | 1 2 3 |  3.1
Dodging        | 1 3 |  3.1
Shields        | 4 5 |  5.0
Armour         | 5 6 |  6.2
Invocations    | 2 4 |  4.6

Action                   |  1- 3 |  4- 6 |  7- 9 | 10-12 || total
-------------------------+-------+-------+-------+-------++-------
Melee: War axe           |    89 |    75 |   261 |   154 ||   579
Throw: Boomerang         |    29 |    27 |       |     4 ||    60
       Javelin           |       |    16 |    37 |    16 ||    69
Invok: Heroism           |       |       |     4 |     7 ||    11
  Use: Scroll            |    10 |    12 |     2 |     2 ||    26
       Potion            |     1 |     2 |     1 |       ||     4
Armor: Scale mail        |    35 |    25 |    41 |       ||   101
       Chain mail        |       |       |    92 |    78 ||   170
Dodge: Dodged            |    52 |    25 |    86 |    56 ||   219
Block: Buckler           |    12 |    11 |    61 |    28 ||   112

Table legend:
 A = Non-vault XP
 B = Vault XP
 C = Vault XP percentage of total XP
 D = Non-vault monster count
 E = Vault monster count
 F = Vault count percentage of total count
                 A         B        C        D         E       F
            +---------+---------+-------+---------+---------+-------
      Total |    8571 |    2924 |  25.4 |     153 |      25 |  14.0
            +---------+---------+-------+---------+---------+-------
        D:1 |      34 |       0 |   0.0 |      18 |       0 |   0.0
        D:2 |      34 |       9 |  20.9 |      13 |       5 |  27.8
        D:3 |      54 |       6 |  10.0 |      20 |       3 |  13.0
        D:4 |     191 |     216 |  53.1 |      10 |       2 |  16.7
        D:5 |     691 |       0 |   0.0 |      20 |       0 |   0.0
        D:6 |    1601 |       0 |   0.0 |      21 |       0 |   0.0
        D:7 |    1454 |     691 |  32.2 |      20 |       6 |  23.1
        D:8 |    3520 |       0 |   0.0 |      25 |       0 |   0.0
        D:9 |     992 |    2002 |  66.9 |       6 |       9 |  60.0
            +---------+---------+-------+---------+---------+-------
